 Dungeon Crawl Stone Soup version 0.22.1-2-g9c5b331383 (webtiles) character file.

72 Gargoyl the Skirmisher (level 4, -9/38 HPs)
             Began as a Centaur Abyssal Knight on Jan 6, 2019.
             Was a Follower of Lugonu.
             Mangled by an orc warrior
             ... wielding a +0 long sword
              (15 damage)
             ... on level 2 of the Dungeon.
             The game lasted 00:02:55 (2187 turns).

Gargoyl the Skirmisher (Centaur Abyssal Knight)     Turns: 2187, Time: 00:02:55

Health: -9/38      AC:  7    Str: 17    XL:     4   Next: 7%
Magic:  5/5        EV:  9    Int: 11    God:    Lugonu [*.....]
Gold:   98         SH:  0    Dex: 10    Spells: 3/3 levels left

rFire    + . .     SeeInvis .   a - +1 hand axe
rCold    . . .     Gourm    .   (no shield)
rNeg     . . .     Faith    .   b - +0 leather armour
rPois    .         Spirit   .   i - +1 helmet
rElec    .         Reflect  .   g - +0 cloak
rCorr    .         Harm     .   (no gloves)
MR       .....                  (no barding)
Stlth    ..........             (no amulet)
HPRegen  0.12/turn              d - +3 ring of strength
MPRegen  0.09/turn              k - ring of protection from fire

@: lethally poisoned (-9 -> -13), very quick
A: large, hooves 3, deformed body, speed 2, tough skin 3
a: Depart the Abyss, Renounce Religion


You were on level 2 of the Dungeon.
You worshipped Lugonu.
Lugonu was aware of your devotion.
You were not hungry.

You visited 1 branch of the dungeon, and saw 3 of its levels.
You visited the Abyss 1 time.

You collected 98 gold pieces.

Inventory:

Hand Weapons
 a - a +1 hand axe (weapon)
Armour
 b - a +0 leather armour (worn)
 g - a +0 cloak (worn)
 i - a +1 helmet (worn)
Jewellery
 d - a +3 ring of strength (left hand)
 k - a ring of protection from fire (right hand)
Scrolls
 l - a scroll of identify
Potions
 e - a potion of might {unknown}
 f - a potion of ambrosia
 h - a potion of invisibility {unknown}
 j - a potion of heal wounds {unknown}
Comestibles
 c - 3 rations


   Skills:
 + Level 3.5 Fighting
 + Level 2.3 Axes
 * Level 2.1 Armour
 * Level 1.1 Dodging
 * Level 2.4 Invocations


You had 3 spell levels left.
You didn't know any spells.
Your spell library contained the following spells:

 Spells                   Type           Power        Failure   Level  Hunger
 Magic Dart               Conj           #...         38%         1    ##.....
 Searing Ray              Conj           #.....       54%         2    ###....
 Dazzling Spray           Conj/Hex       #.....       77%         3    ####...
 Force Lance              Conj/Tloc      #.......     99%         4    #####..
 Fulminant Prism          Conj/Hex       #.........   99%         4    #####..
 Iskenderun's Mystic Bla  Conj           #.......     99%         4    #####..


Dungeon Overview and Level Annotations

Branches:
Dungeon (3/15)

Altars:
Okawaru
Trog


Innate Abilities, Weirdness & Mutations

You have hooves in place of feet.
Armour fits poorly on your strangely shaped body.
You cover ground very quickly.
You have extremely tough skin. (AC +3)


Message History

You feel less confused.
You feel sick. The orc warrior closely misses you.
You closely miss the orc warrior. Your kick misses the orc warrior.
You feel sick. The orc warrior barely misses you.
You closely miss the orc warrior. The orc warrior barely misses you.
You hit the orc warrior but do no damage.
You kick the orc warrior.
The orc warrior is moderately wounded.
You feel sick.
The orc warrior hits you with a long sword.
* * * LOW HITPOINT WARNING * * *
You barely miss the orc warrior. You kick the orc warrior.
The orc warrior is heavily wounded.
You feel sick.
The orc warrior hits you but does no damage.
You hit the orc warrior but do no damage.
You kick the orc warrior, but do no damage.
The orc warrior is heavily wounded.
The orc warrior hits you with a long sword!
You die...

#....# g.#
#....# #.#
#....###.##.#
#............
.###...........
................
#....#†....#.##
#...........
###@......#
###o.###..#
#....# #...##
#...#.#####....
## #.###.#
.......##.
###.###.#
.........
......#)#
.......†######
......#.#
........).r..#
......#.#
......#.####..


You could see an orc warrior.

Vanquished Creatures
  2 adders (D:2)
  2 gnolls (D:2)
  2 dart slugs
  2 orcs (D:2)
  2 goblins
  5 hobgoblins
  6 bats
  2 frilled lizards
  4 kobolds
  5 rats
32 creatures vanquished.

Notes
Turn   | Place    | Note
-------+----------+-------------------------------------------
     0 | Abyss:1  | Gargoyl the Centaur Abyssal Knight began the quest for the
                  | Orb.
     0 | Abyss:1  | Reached XP level 1. HP: 19/19 MP: 2/2
    98 | Abyss:2  | Noticed a thrashing horror
   103 | Abyss:2  | Noticed a thrashing horror
   183 | Abyss:2  | Noticed a large abomination
   185 | Abyss:2  | Noticed a raiju
   190 | D:1      | Escaped the Abyss
   620 | D:1      | Reached XP level 2. HP: 26/26 MP: 3/3
  1393 | D:2      | Noticed an orc warrior
  1394 | D:2      | Reached skill level 1 in Dodging
  1395 | D:2      | Reached * piety under Lugonu
  1608 | D:3      | Found a bloodstained altar of Trog.
  1608 | D:3      | Found an iron altar of Okawaru.
  1721 | D:2      | Reached XP level 3. HP: 15/31 MP: 4/4
  2174 | D:2      | Reached XP level 4. HP: 11/38 MP: 5/5
  2187 | D:2      | Mangled by an orc warrior

Skill      XL: |  1  2  3 |
---------------+----------+-----
Axes           | 2 |  2.3
Dodging        | 1 |  1.1
Armour         | 2 |  2.1
Fighting       | |  3.5
Invocations    | |  2.4

Action                   |  1- 3 |  4- 6 || total
-------------------------+-------+-------++-------
Melee: Hand axe          |    81 |     5 ||    86
       Kick              |    11 |     3 ||    14
Invok: Depart the Abyss  |     1 |       ||     1
  Use: Potion            |     1 |     1 ||     2
       Scroll            |     4 |       ||     4
  Eat: Ration            |     1 |       ||     1
Armor: Leather armour    |    41 |       ||    41
Dodge: Dodged            |    58 |     4 ||    62
